 Dungeon Crawl Stone Soup version 0.30.1-9-gdf580d7c3d (webtiles) character file.

Game seed: 71289957711015794

431 Almogavar the Magician (level 7, -9/52 HPs)
             Began as a Gnoll Wanderer on Sept 24, 2023.
             Mangled by a mummy (12 damage)
             ... in an ossuary.
             The game lasted 00:15:21 (3290 turns).

Almogavar the Magician (Gnoll Wanderer)             Turns: 3290, Time: 00:15:22

Health: -9/52      AC:  7    Str: 19    XL:     7   Next: 0%
Magic:  1/18       EV: 11    Int: 13    God:
Gold:   176        SH:  0    Dex: 10    Spells: 19/21 levels left

rFire   . . .        e - +0 sling
rCold   . . .        (no shield)
rNeg    . . .        c - +0 ring mail
rPois   .            d - +1 hat
rElec   .            j - +0 cloak
rCorr   .            (no gloves)
SInv    .            (no boots)
Will    .....        (no amulet)
Stlth   +            v - +6 ring of strength
HPRegen 0.28/turn    (no ring)
MPRegen 0.16/turn

%: no passive effects
@: attractive
A: fangs 1, strong nose, distributed training
a: no special abilities


You were in an ossuary.
You visited 1 branch of the dungeon, and saw 4 of its levels.
You also visited: Ossuary.

You collected 176 gold pieces.

Inventory:

Hand Weapons
 a - a +0 club
 e - a +0 sling (weapon)
Armour
 c - a +0 ring mail (worn)
 d - a +1 hat (worn)
 j - a +0 cloak (worn)
 p - a +0 scale mail
Jewellery
 v - a +6 ring of strength (left hand)
Scrolls
 f - 2 scrolls of poison
 g - 2 scrolls of enchant weapon
 h - a scroll of silence
 k - 2 scrolls of blinking
 r - a scroll of enchant armour {unknown}
 s - a scroll of vulnerability {unknown}
Potions
 b - a potion of lignification
 i - a potion of attraction
 q - a potion of degeneration {unknown}
 t - a potion of mutation {unknown}
 u - a potion of flight {unknown}


   Skills:
 + Level 3.4 Fighting
 + Level 2.2 Short Blades
 + Level 2.2 Long Blades
 + Level 2.2 Axes
 + Level 2.2 Maces & Flails
 + Level 2.2 Polearms
 + Level 2.2 Staves
 + Level 2.2 Ranged Weapons
 + Level 3.4 Throwing
 + Level 3.4 Armour
 + Level 3.4 Dodging
 + Level 3.3 Stealth
 + Level 2.2 Shields
 + Level 2.2 Unarmed Combat
 + Level 7.5 Spellcasting
 + Level 1.8 Conjurations
 + Level 1.8 Hexes
 + Level 1.8 Summonings
 + Level 1.8 Necromancy
 + Level 1.8 Translocations
 + Level 1.8 Transmutations
 + Level 1.8 Fire Magic
 + Level 4.2 Ice Magic
 + Level 1.8 Air Magic
 + Level 1.8 Earth Magic
 + Level 1.8 Poison Magic
 + Level 2.5 Invocations
 + Level 2.2 Evocations


You had 19 spell levels left.
You knew the following spells:

 Your Spells              Type           Power      Damage    Failure   Level
a - Freeze                Ice            60%        1d7       4%          1
b - Summon Small Mammal   Summ           36%        N/A       12%         1

Your spell library contained the following spells:

 Spells                   Type           Power      Damage    Failure   Level
 Call Canine Familiar     Summ           9%         N/A       34%         3
 Ice Form                 Ice/Tmut       12%        N/A       56%         4
 Summon Ice Beast         Ice/Summ       12%        N/A       56%         4


Dungeon Overview and Level Annotations

Branches:
Dungeon (4/15)             Temple (0/1) D:4         Ossuary (1/1)

Altars:

Shops:
D:4 :


Innate Abilities, Weirdness & Mutations

You have very sharp teeth.
Your uncanny sense of smell can sniff out nearby items.
Your experience applies equally to all skills.


Message History

Aiming: Freeze (safe; 4% risk of failure)
Press: ? - help, Shift-Dir - straight line, f/p - mummy
Aim: a mummy (severely damaged)
You freeze the mummy but do no damage.
The mummy completely resists.
The mummy misses you.
Casting: Freeze (safe; 4% risk of failure)
Confirm with . or Enter, or press ? or * to list all spells.
Aiming: Freeze (safe; 4% risk of failure)
Press: ? - help, Shift-Dir - straight line, f/p - mummy
Aim: a mummy (severely damaged)
You freeze the mummy but do no damage.
The mummy completely resists.
Casting: Freeze (safe; 4% risk of failure)
Confirm with . or Enter, or press ? or * to list all spells.
You don't have enough magic to cast this spell.
The mummy barely misses you.
Casting: Freeze (safe; 4% risk of failure)
Confirm with . or Enter, or press ? or * to list all spells.
You don't have enough magic to cast this spell.
Fire: e) +0 sling
Press: ? - help, Q - select action, (/) - cycle Shift-Dir - straight line, f/p - mummy
Aim: a mummy (severely damaged, 71% to hit)
You shoot a sling bullet.
The sling bullet hits the mummy but does no damage.
The mummy is severely damaged.
The mummy hits you!
* * * LOW HITPOINT WARNING * * *
Fire: e) +0 sling
Press: ? - help, Q - select action, (/) - cycle Shift-Dir - straight line, f/p - mummy
Aim: a mummy (severely damaged, 71% to hit)
You shoot a sling bullet. The sling bullet hits the mummy.
The mummy is almost destroyed.
The mummy closely misses you.
Fire: e) +0 sling
Press: ? - help, Q - select action, (/) - cycle Shift-Dir - straight line, f/p - mummy
Aim: a mummy (almost destroyed, 71% to hit)
You shoot a sling bullet.
The sling bullet hits the mummy but does no damage.
The mummy is almost destroyed.
The mummy hits you!
You die...

## #. #
+#+#+#'#+#'###
...........'.#
##@## ∆∆∆
#.M.# ∆∆∆
#.∩.# ∆∆∆
#∩..# #####
∆∆∆ ∆∆∆


You could see a mummy.

Vanquished Creatures
  An ogre (D:4)
  A hound (D:3)
  A jelly (D:4)
  An iguana (D:4)
  Natasha (thrice) (D:2)
  An orc wizard (D:2)
  2 mummies
  5 adders
  2 worms
  A dart slug (D:1)
  5 orcs
  11 ball pythons
  5 bats
  6 endoplasms
  3 giant cockroaches
  10 goblins
  6 hobgoblins
  5 jackals
  4 kobolds
  A quokka (D:4)
  4 frilled lizards
  3 rats
81 creatures vanquished.

Notes
Turn   | Place    | Note
-------+----------+-------------------------------------------
     0 | D:1      | Almogavar the Gnoll Wanderer began the quest for the Orb.
     0 | D:1      | Almogavar set off with the following items: a +0 club, a
                  | potion of lignification, a +0 ring mail; and the following
                  | spells available to memorise: Freeze, Summon Small Mammal,
                  | Call Canine Familiar, Ice Form, Summon Ice Beast.
     0 | D:1      | Reached XP level 1. HP: 17/17 MP: 8/8
     2 | D:1      | Learned a level 1 spell: Freeze
     4 | D:1      | Learned a level 1 spell: Summon Small Mammal
   119 | D:1      | Reached XP level 2. HP: 23/23 MP: 2/10
   401 | D:1      | Reached XP level 3. HP: 28/28 MP: 9/11
   659 | D:1      | Reached skill level 1 in Invocations
  1147 | D:2      | Reached skill level 1 in Short Blades
  1147 | D:2      | Reached skill level 1 in Long Blades
  1147 | D:2      | Reached skill level 1 in Axes
  1147 | D:2      | Reached skill level 1 in Maces & Flails
  1147 | D:2      | Reached skill level 1 in Polearms
  1147 | D:2      | Reached skill level 1 in Staves
  1147 | D:2      | Reached skill level 1 in Ranged Weapons
  1147 | D:2      | Reached skill level 1 in Shields
  1147 | D:2      | Reached skill level 1 in Unarmed Combat
  1147 | D:2      | Reached skill level 1 in Evocations
  1209 | D:2      | Found a faded altar of an unknown god.
  1287 | D:2      | Reached XP level 4. HP: 34/34 MP: 8/13
  1601 | D:2      | Noticed Natasha
  1608 | D:2      | Killed Natasha
  1609 | D:2      | Reached skill level 1 in Conjurations
  1609 | D:2      | Reached skill level 1 in Hexes
  1609 | D:2      | Reached skill level 1 in Summonings
  1609 | D:2      | Reached skill level 1 in Necromancy
  1609 | D:2      | Reached skill level 1 in Translocations
  1609 | D:2      | Reached skill level 1 in Transmutations
  1609 | D:2      | Reached skill level 1 in Fire Magic
  1609 | D:2      | Reached skill level 1 in Air Magic
  1609 | D:2      | Reached skill level 1 in Earth Magic
  1609 | D:2      | Reached skill level 1 in Poison Magic
  1935 | D:2      | Noticed Natasha
  1948 | D:2      | Killed Natasha
  1949 | D:2      | Reached XP level 5. HP: 30/40 MP: 14/14
  2004 | D:2      | Noticed Natasha
  2024 | D:2      | Killed Natasha
  2671 | D:3      | Reached XP level 6. HP: 46/47 MP: 12/16
  3110 | D:4      | Found Bass's Book Boutique.
  3215 | D:4      | Found a sand-covered staircase.
  3243 | Ossuary  | Entered an ossuary
  3270 | Ossuary  | Reached XP level 7. HP: 21/52 MP: 9/18
  3288 | Ossuary  | HP: 2/52 [mummy (9)]
  3290 | Ossuary  | Mangled by a mummy

Illustrated notes

Levels and vault maps discovered:
D:1:      dpeg_arrival_three_same_balls, layout_basic, serial_park_tiny_2
D:2:      layout_loops_ring, ebering_ecumenical_altar_webs, chequers_big_river,
          chequers_garden, minmay_small_reverse_x, uniq_natasha
D:3:      layout_basic
D:4:      layout_rooms, general_overflow_altar, minmay_temple_entry_arrows,
          serial_shops, nicolae_shop_pleasant_corner_grove,
          nicolae_ossuary_entry_giza
Ossuary:  ossuary_zaba_flooded

Skill      XL: |  1  2  3  4  5  6 |
---------------+-------------------+-----
Invocations    | 1 2 |  2.5
Short Blades   | 1 2 |  2.2
Long Blades    | 1 2 |  2.2
Axes           | 1 2 |  2.2
Maces & Flails | 1 2 |  2.2
Polearms       | 1 2 |  2.2
Staves         | 1 2 |  2.2
Ranged Weapons | 1 2 |  2.2
Shields        | 1 2 |  2.2
Unarmed Combat | 1 2 |  2.2
Evocations     | 1 2 |  2.2
Conjurations   | 1 |  1.8
Hexes          | 1 |  1.8
Summonings     | 1 |  1.8
Necromancy     | 1 |  1.8
Translocations | 1 |  1.8
Transmutations | 1 |  1.8
Fire Magic     | 1 |  1.8
Air Magic      | 1 |  1.8
Earth Magic    | 1 |  1.8
Poison Magic   | 1 |  1.8
Fighting       | 3 |  3.4
Throwing       | 3 |  3.4
Armour         | 3 |  3.4
Dodging        | 3 |  3.4
Ice Magic      | 4 |  4.2
Stealth        | 3 |  3.3
Spellcasting   | |  7.5

Action                     |  1- 3 |  4- 6 |  7- 9 || total
---------------------------+-------+-------+-------++-------
   Fire: Sling             |    83 |   115 |     3 ||   201
   Cast: Freeze            |    33 |    79 |    12 ||   124
         Summon Small Mamm |       |     1 |       ||     1
    Use: Scroll            |     1 |     6 |       ||     7
         Potion            |       |       |     2 ||     2
 Armour: Ring mail         |    15 |    19 |       ||    34
  Dodge: Dodged            |    20 |    30 |     6 ||    56
